 Dungeon Crawl Stone Soup version 0.21-a0-531-gacddea6 (webtiles) character file.

52729 Amnesiac the Archer (level 14, -4/87 HPs)
             Began as a Deep Elf Arcane Marksman on Dec 12, 2017.
             Was the Champion of Okawaru.
             Slain by an ettin
             ... wielding a +0 dire flail
              (19 damage)
             ... on level 15 of the Dungeon.
             The game lasted 01:16:54 (24495 turns).

Amnesiac the Archer (Deep Elf Arcane Marksman)     Turns: 24495, Time: 01:16:54

Health: -4/87      AC: 25    Str:  9    XL:     14   Next: 28%
Magic:  4/32       EV: 18    Int: 25    God:    Okawaru [******]
Gold:   475        SH:  0    Dex: 15    Spells: 6/23 levels left

rFire    + . .     SeeInvis +   a - +3 shortbow (velocity)
rCold    . . .     Gourm    .   (shield currently unavailable)
rNeg     . . .     Faith    .   G - +7 swamp dragon scales
rPois    +         Spirit   .   t - +0 helmet
rElec    .         Reflect  .   y - +0 cloak {MR+}
rCorr    .         Harm     .   R - +1 pair of gloves
MR       ++...                  x - +0 pair of boots
Stlth    +.........             C - amulet "Kajiwk" {rF+ Regen+}
HPRegen  0.64/turn              B - ring of see invisible
MPRegen  0.23/turn              l - ring "Xeskiv" {rPois MP+9 Int+5}

@: studying Shields
A: thin metallic scales 1, weak 1
a: Heroism, Finesse, Renounce Religion


You were on level 15 of the Dungeon.
You worshipped Okawaru.
Okawaru was exalted by your worship.
You were full.

You visited 3 branches of the dungeon, and saw 17 of its levels.
You also visited: Sewer and Bailey.

You collected 1211 gold pieces.
You spent 736 gold pieces at shops.

Inventory:

Hand Weapons
 a - a +3 shortbow of velocity (weapon)
 b - the +9 trident "Aptaem" {venom, MP+9 Int+6}
   (You found it on level 10 of the Dungeon)

   It poisons the flesh of those it strikes.
   It affects your intelligence (+6).
   It affects your magic capacity (+9).
Missiles
 d - 240 arrows (quivered)
 r - 36 poisoned needles
Armour
 t - a +0 helmet (worn)
 x - a +0 pair of boots (worn)
 y - a +0 cloak of magic resistance (worn)
 G - +7 swamp dragon scales (worn)
 R - a +1 pair of gloves (worn)
Jewellery
 l - the ring "Xeskiv" (right hand) {rPois MP+9 Int+5}
   (You found it on level 6 of the Dungeon)

   [ring of intelligence]

   It affects your intelligence (+5).
   It protects you from poison.
   It affects your magic capacity (+9).
 A - an uncursed ring of wizardry
 B - a ring of see invisible (left hand)
 C - the amulet "Kajiwk" (around neck) {rF+ Regen+}
   (You found it on level 10 of the Dungeon)

   [amulet of regeneration]

   It protects you from fire.
   It increases your rate of regeneration.
 D - an uncursed ring of ice
 E - an uncursed ring of positive energy
 L - an uncursed amulet of regeneration
 N - an uncursed ring of flight
 X - an uncursed ring of teleportation
 Y - an uncursed ring of positive energy
Wands
 i - a wand of disintegration (7)
 v - a wand of acid (5)
 T - a wand of digging (10)
Scrolls
 k - 3 scrolls of remove curse {!r}
 m - 6 scrolls of fear {!r}
 n - 7 scrolls of teleportation {!r}
 p - a scroll of magic mapping {!r}
 q - a scroll of blinking {!r}
 w - 3 scrolls of enchant weapon {!r}
 M - a scroll of amnesia {!r}
 Q - 2 scrolls of identify {!r}
Potions
 g - a potion of might {!q}
 h - 7 potions of curing {!q}
 o - 2 potions of flight {!q}
 s - 2 potions of brilliance {!q}
 u - a potion of cancellation {!q}
 z - a potion of agility {!q}
 F - 3 potions of magic {!q}
 J - a potion of experience {!q}
 K - 2 potions of resistance {!q}
 P - 2 potions of heal wounds {!q}
 V - 2 potions of haste {!q}
 Z - a potion of invisibility {!q}
Books
 H - a manual of Shields
 I - a book of Alchemy

   Spells                             Type                      Level
   a - Sublimation of Blood           Necromancy                   2
   b - Ignite Poison                  Fire/Transmutation/Poison    3
   c - Petrify                        Transmutation/Earth          4
   d - Alistair's Intoxication        Transmutation/Poison         5
   e - Irradiate                      Conjuration/Transmutation    5
Comestibles
 c - 13 chunks of flesh
 f - 10 bread rations
 j - 5 royal jellies
 U - 3 meat rations


   Skills:
 + Level 9.7 Fighting
 - Level 14.0 Bows
 + Level 9.7 Armour
 + Level 13.1 Dodging
 - Level 5.0 Spellcasting
 - Level 8.0 Hexes
 - Level 8.0 Invocations


You had 6 spell levels left.
You knew the following spells:

 Your Spells              Type           Power        Failure   Level  Hunger
a - Corona                Hex            #####..      1%          1    None
b - Cause Fear            Hex            #####.....   7%          4    ####...
c - Slow                  Hex            #####...     1%          2    None
d - Sticks to Snakes      Tmut           #.......     28%         2    None
e - Confuse               Hex            #####...     1%          3    ##.....
f - Portal Projectile     Hex/Tloc       ####..       11%         3    ##.....
g - Passwall              Tmut/Erth      #.........   28%         2    None


Dungeon Overview and Level Annotations

Branches:
Dungeon (15/15)            Temple (1/1) D:4            Lair (0/6) D:9
    Orc (0/2) D:9          Vaults (0/5) D:14         Depths (1/5) D:15

Altars:
Ashenzari
Cheibriados
Dithmenos
Elyvilon
Fedhas
Gozag
Hepliaklqana
Kikubaaqudgha
Makhleb
Nemelex Xobeh
Okawaru
Qazlal
Ru
Sif Muna
Trog
Uskayaw
Vehumet
Wu Jian
Xom
Yredelemnul
Zin
The Shining One

Shops:
D:5 ?   D:12 (

Annotations:
D:3 exclusion: door
D:5 Duvessa


Innate Abilities, Weirdness & Mutations

You are partially covered in thin metallic scales. (AC +2)
You are weak. (Str -2)


Message History

Press: ? - help, Shift-Dir - straight line, f/p - ettin
Aim: an ettin, wielding two dire flails (severely wounded, chance to defeat MR: 53%)
The ettin resists with significant effort.
Unknown command.
Casting: Confuse
Confirm with . or Enter, or press ? or * to list all spells.
Aiming: Confuse
Press: ? - help, Shift-Dir - straight line, f/p - ettin
Aim: an ettin, wielding two dire flails (severely wounded, chance to defeat MR: 53%)
The ettin resists with significant effort.
Unknown command.
Casting: Confuse
Confirm with . or Enter, or press ? or * to list all spells.
Aiming: Confuse
Press: ? - help, Shift-Dir - straight line, f/p - ettin
Aim: an ettin, wielding two dire flails (severely wounded, chance to defeat MR: 53%)
The ettin resists with significant effort.
The ettin hits you with a dire flail!! The ettin closely misses you.
Unknown command.
Casting: Confuse
Confirm with . or Enter, or press ? or * to list all spells.
Aiming: Confuse
Press: ? - help, Shift-Dir - straight line, f/p - ettin
Aim: an ettin, wielding two dire flails (severely wounded, chance to defeat MR: 53%)
The ettin resists with significant effort.
The ettin barely misses you. The ettin misses you.
Unknown command.
You see here 4 arrows.
You see here an arrow.
Casting: Confuse
Confirm with . or Enter, or press ? or * to list all spells.
Aiming: Confuse
Press: ? - help, Shift-Dir - straight line, f/p - ettin
Aim: an ettin, wielding two dire flails (heavily wounded, chance to defeat MR: 53%)
The ettin resists with significant effort.
The ettin closely misses you. The ettin hits you with a dire flail!!
* * * LOW HITPOINT WARNING * * *
Your magical contamination has completely faded away.
Casting: Confuse
Confirm with . or Enter, or press ? or * to list all spells.
Aiming: Confuse
Press: ? - help, Shift-Dir - straight line, f/p - ettin
Aim: an ettin, wielding two dire flails (heavily wounded, chance to defeat MR: 53%)
The ettin resists with significant effort.
The ettin completely misses you. The ettin hits you but does no damage.
Casting: Confuse
Confirm with . or Enter, or press ? or * to list all spells.
Aiming: Confuse
Press: ? - help, Shift-Dir - straight line, f/p - ettin
Aim: an ettin, wielding two dire flails (heavily wounded, chance to defeat MR: 53%)
The ettin resists with significant effort.
The ettin hits you with a dire flail!!
* * * LOW HITPOINT WARNING * * *
The ettin hits you with a dire flail!
* * * LOW HITPOINT WARNING * * *
Unknown command.
Really read
q - a scroll of blinking {!r}?
Blink to where?
Press: ? - help, Dir - move target cursor, p - ettin
Okay, then.
Casting: Confuse
Confirm with . or Enter, or press ? or * to list all spells.
The ettin resists with some effort.
The ettin hits you with a dire flail!!
You die...

#.# #..... #.# ###... #.# #...
#.#########... #.#.......##..
######## #########.#(#####.....
#......# #......##<#.#####.....
#.####.# ##.##.................#
.......####..<..@C......####.#.##
................#...###.####.#.##
...##..####.........# #.........#
...##..# #.......#.###.#####...#
.......# #...(.###.....# #...#
......## ###.#......=### #...#
......#######!#######.#### #...#
##.####.......# #..)....# #...#
##.## #.......# #.##)##)####.[..


You could see an ettin.

Vanquished Creatures
  An ogre mage (D:15)
  8 vault guards
  2 catoblepae
  2 centaur warriors
  14 two-headed ogres
  3 death yaks (D:8)
  2 tengu warriors (D:14)
  A deep elf knight (D:10)
  2 fire crabs (D:10)
  8 skeletal warriors
  2 unseen horrors
  A wizard (D:15)
  A flayed ghost (D:15)
  A necromancer (D:15)
  An orc knight (Bailey)
  The ghost of Regeox the Slasher, a novice DsCK of Xom (D:6)
  A deep elf mage (D:15)
  The ghost of p0werm0de the Ruffian, a novice DrWz of Qazlal (D:7)
  2 tengu skeletons (D:15)
  2 manticores
  2 frost giant skeletons (D:15)
  5 centaur zombies
  A black mamba (shapeshifter) (D:13)
  2 centaur skeletons
  2 komodo dragons
  5 kobold demonologists (D:10)
  A komodo dragon (shapeshifter) (D:14)
  2 tengu conjurers (D:15)
  6 yaktaurs (D:15)
  A meliai (shapeshifter) (D:14)
  2 trolls
  The ghost of Gerstahl the Skirmisher, an amateur DsMo (D:3)
  A jumping spider (shapeshifter) (D:15)
  A merfolk (D:11)
  A hornet (D:14)
  3 hippogriffs
  2 vampires
  A wyvern (D:14)
  3 shadows
  6 yaks
  A basilisk (D:15)
  A human (D:11)
  A basilisk (shapeshifter) (D:14)
  4 vampire mosquitoes (D:15)
  Menkaure (D:6)
  A soldier ant (D:12)
  2 acid dragons
  A water moccasin (D:8)
  2 black bears
  A hornet zombie (D:14)
  25 orc warriors
  3 sky beasts
  5 ice beasts
  3 phantoms
  A necrophage (D:14)
  14 ogres
  11 centaurs
  10 bullfrogs
  8 scorpions
  3 killer bees (D:13)
  7 howler monkeys
  2 bullfrog zombies (D:9)
  9 crimson imps
  10 hounds
  Crazy Yiuf (D:2)
  3 jellies
  17 orc priests
  A bullfrog skeleton (D:6)
  17 orc wizards
  An iguana (D:9)
  11 worker ants
  A hell rat (D:9)
  A hound zombie (D:11)
  A hound skeleton (D:4)
  7 gnolls
  12 adders
  A river rat (D:9)
  4 shadow imps
  4 oozes (Sewer)
  An adder skeleton (D:7)
  6 worms
  5 dart slugs
  10 leopard geckos
  91 orcs
  3 ball pythons (Sewer)
  11 giant cockroaches
  10 goblins
  4 hobgoblins
  13 jackals
  A quokka (D:9)
  11 bats
  10 frilled lizards
  A jackal skeleton (D:7)
  A jackal zombie (D:6)
  5 kobolds
  A leopard gecko skeleton (D:4)
  A leopard gecko zombie (D:6)
  A quokka skeleton (D:5)
  8 rats
  A withered plant (D:15)
507 creatures vanquished.

Vanquished Creatures (others)
  A skeletal warrior (D:11)
  An orc (D:11)
  A plant (D:10)
  2 withered plants (D:15)
5 creatures vanquished.

Grand Total: 512 creatures vanquished

Notes
Turn   | Place    | Note
-------+----------+-------------------------------------------
     0 | D:1      | Amnesiac the Deep Elf Arcane Marksman began the quest for the Orb.
     0 | D:1      | Reached XP level 1. HP: 11/11 MP: 5/5
   106 | D:2      | Reached skill level 1 in Fighting
   106 | D:2      | Reached XP level 2. HP: 16/16 MP: 4/6
   118 | D:2      | Learned a level 2 spell: Slow
   191 | D:2      | Reached XP level 3. HP: 17/20 MP: 5/8
   290 | D:3      | Noticed Gerstahl's ghost (amateur DsMo)
   334 | D:3      | Found a glowing drain.
   448 | Sewer    | Entered a sewer
   469 | Sewer    | Reached skill level 3 in Bows
  1234 | Sewer    | Reached XP level 4. HP: 16/25 MP: 9/9
  1466 | Sewer    | Reached skill level 5 in Hexes
  1770 | D:3      | Learned a level 4 spell: Cause Fear
  1979 | D:3      | Reached XP level 5. HP: 12/29 MP: 0/11
  2533 | D:4      | Found a staircase to the Ecumenical Temple.
  2541 | Temple   | Entered the Ecumenical Temple
  3754 | D:2      | Reached skill level 4 in Bows
  4177 | D:2      | Noticed a centaur
  4178 | D:2      | HP: 1/30 [centaur/arrow (16)]
  4196 | D:2      | Killed a centaur
  4196 | D:2      | Reached XP level 6. HP: 11/35 MP: 4/12
  4683 | D:2      | Found a runed door.
  4779 | D:2      | Noticed Crazy Yiuf
  4834 | D:2      | Killed Crazy Yiuf
  5136 | D:3      | Killed Gerstahl's ghost
  5136 | D:3      | Reached skill level 5 in Bows
  5136 | D:3      | Reached XP level 7. HP: 16/40 MP: 1/14
  5429 | D:3      | You fall through a shaft!
  6059 | D:5      | Entered Level 5 of the Dungeon
  6279 | D:5      | Noticed Duvessa
  6311 | D:5      | Found a sparkling altar of Nemelex Xobeh.
  6344 | D:5      | Found a sparkling altar of Nemelex Xobeh.
  6420 | D:5      | Found an iron altar of Okawaru.
  6420 | D:5      | Found a hide-covered altar of Uskayaw.
  6429 | D:5      | Became a worshipper of Warmaster Okawaru
  6480 | D:5      | Found a shimmering altar of Xom.
  6535 | D:5      | Found Ateluts's Magic Scroll Shop.
  7009 | D:5      | Reached XP level 8. HP: 42/45 MP: 14/17
  7035 | D:5      | Reached * piety under Okawaru
  7035 | D:5      | Reached skill level 6 in Bows
  7175 | D:5      | Found a glowing golden altar of the Shining One.
  7225 | D:5      | Reached skill level 5 in Dodging
  7319 | D:5      | Learned a level 3 spell: Confuse
  7342 | D:5      | Learned a level 2 spell: Sticks to Snakes
  7479 | D:6      | Noticed Regeox's ghost (novice DsCK)
  7481 | D:6      | Reached skill level 5 in Spellcasting
  8294 | D:6      | Reached skill level 1 in Invocations
  8739 | D:6      | Reached skill level 7 in Bows
  8958 | D:6      | Noticed Menkaure
  8968 | D:6      | Killed Menkaure
  8968 | D:6      | Reached ** piety under Okawaru
  9296 | D:6      | Killed Regeox's ghost
  9296 | D:6      | Reached skill level 8 in Bows
  9296 | D:6      | Reached XP level 9. HP: 14/52 MP: 18/18
  9567 | D:6      | Got a fine amber ring
 10131 | D:6      | Found a snail-covered altar of Cheibriados.
 10229 | D:7      | Gained mutation: You are partially covered in thin metallic scales. (AC +2) [mutagenic meat]
 10230 | D:7      | Gained mutation: You are weak. (Str -2) [mutagenic meat]
 10422 | D:7      | Noticed p0werm0de's ghost (novice DrWz)
 10495 | D:7      | Killed p0werm0de's ghost
 10495 | D:7      | Reached *** piety under Okawaru
 10495 | D:7      | Reached skill level 9 in Bows
 11028 | D:7      | Found a hazy altar of Hepliaklqana.
 11165 | D:7      | Identified the ring "Xeskiv" {rPois MP+9 Int+5} (You found it on level 6 of the Dungeon)
 11319 | D:8      | Got a shimmering ring mail
 11330 | D:8      | Identified the +1 ring mail of Fallacy {rC+ Stlth+} (You found it on level 8 of the Dungeon)
 11472 | D:8      | You fall through a shaft for 2 floors!
 11472 | D:10     | Entered Level 10 of the Dungeon
 11487 | D:10     | Got a fine trident
 11535 | D:10     | Identified the +9 trident "Aptaem" {venom, MP+9 Int+6} (You found it on level 10 of the Dungeon)
 11560 | D:10     | Reached XP level 10. HP: 44/58 MP: 19/19
 11606 | D:9      | Noticed a two-headed ogre
 11642 | D:8      | Reached skill level 5 in Fighting
 11684 | D:8      | Reached skill level 5 in Invocations
 11865 | D:8      | Reached skill level 10 in Bows
 11868 | D:8      | Received a gift from Okawaru
 11960 | D:8      | Identified a scroll of acquirement {!r}
 12117 | D:8      | Found an ornate altar of the Wu Jian Council.
 12229 | D:8      | Found a deep blue altar of Sif Muna.
 12301 | D:8      | Learned a level 3 spell: Portal Projectile
 12332 | D:9      | Killed a two-headed ogre
 12332 | D:9      | Reached **** piety under Okawaru
 12341 | D:9      | Received a gift from Okawaru
 12429 | D:5      | Bought a scroll of acquirement for 572 gold pieces
 12430 | D:5      | Found the +8 frozen axe "Frostbite" {freezing cloud, *Noise +Fly rC+}
 12514 | D:9      | Noticed a two-headed ogre
 12542 | D:9      | Killed a two-headed ogre
 12570 | D:9      | Noticed a two-headed ogre
 12590 | D:9      | Killed a two-headed ogre
 12590 | D:9      | Reached skill level 11 in Bows
 12652 | D:9      | Found a staircase to the Lair.
 12653 | D:9      | Noticed a death yak
 12661 | D:9      | Noticed a death yak
 12707 | D:9      | Noticed a two-headed ogre
 12721 | D:9      | Killed a two-headed ogre
 12721 | D:9      | Reached ***** piety under Okawaru
 12721 | D:9      | Reached XP level 11. HP: 64/64 MP: 11/20
 12749 | D:9      | Noticed a two-headed ogre
 12771 | D:9      | Killed a two-headed ogre
 12798 | D:9      | Noticed a death yak
 13262 | D:9      | Got an iridescent hunting sling
 13551 | D:8      | Identified Sif Muna's Papyrus of Clay
 13695 | D:8      | Killed a death yak
 13925 | D:8      | Killed a death yak
 13925 | D:8      | Reached skill level 12 in Bows
 14438 | D:8      | Killed a death yak
 14438 | D:8      | Received a gift from Okawaru
 14589 | D:9      | Found a glowing silver altar of Zin.
 14710 | D:9      | Found a staircase to the Orcish Mines.
 14852 | D:10     | Found a transporter.
 14945 | D:10     | Found a transporter.
 14949 | D:10     | Noticed a deep elf knight
 14955 | D:10     | Noticed a fire crab
 15223 | D:10     | Got an ichor-stained chain mail
 15234 | D:10     | Identified the cursed +0 chain mail of Complete Protection {rF++ Str+2} (You found it on level 10 of the Dungeon)
 15389 | D:10     | Noticed a fire crab
 15604 | D:10     | Killed a fire crab
 15604 | D:10     | Reached skill level 10 in Dodging
 15607 | D:10     | Killed a deep elf knight
 15810 | D:10     | Killed a fire crab
 15828 | D:10     | Got a sparkling ivory amulet
 16100 | D:11     | Got a twisted shortbow
 16101 | D:11     | Identified the +4 shortbow "Nuhobodd" {freeze, rF+ Str-2 Int+6} (You acquired it on level 11 of the Dungeon)
 16139 | D:11     | Noticed a two-headed ogre
 16151 | D:11     | Killed a two-headed ogre
 16151 | D:11     | Reached skill level 13 in Bows
 16151 | D:11     | Reached XP level 12. HP: 72/72 MP: 21/21
 16350 | D:11     | Noticed a two-headed ogre
 16358 | D:11     | Killed a two-headed ogre
 16358 | D:11     | Received a gift from Okawaru
 16506 | D:11     | Reached ****** piety under Okawaru
 17448 | D:12     | Received a gift from Okawaru
 17515 | D:12     | Learned a level 2 spell: Passwall
 17814 | D:12     | Identified the amulet "Kajiwk" {rF+ Regen+} (You found it on level 10 of the Dungeon)
 17818 | D:12     | Identified the +10 hunting sling of the Tired Stories {freeze, rF- Str+6 Dex+6} (You found it on level 9 of the Dungeon)
 17906 | D:12     | Found Rul Tim's Antique Weapon Shoppe.
 18349 | D:5      | Bought a scroll of enchant armour for 82 gold pieces
 18349 | D:5      | Bought a scroll of enchant armour for 82 gold pieces
 18513 | D:13     | Received a gift from Okawaru
 18626 | D:13     | Reached skill level 14 in Bows
 18660 | D:13     | Found a shadowy altar of Dithmenos.
 18779 | D:13     | Reached skill level 1 in Armour
 19006 | D:13     | Noticed a two-headed ogre
 19023 | D:13     | Killed a two-headed ogre
 19023 | D:13     | Received a gift from Okawaru
 19289 | D:13     | Noticed a centaur warrior
 19315 | D:13     | Killed a centaur warrior
 19438 | D:13     | Received a gift from Okawaru
 19441 | D:13     | Got a warped plate armour {god gift}
 19452 | D:13     | Identified the +6 plate armour "Wetsuclaonk" {rElec rF+ Int-2} (Okawaru gifted it to you on level 13 of the Dungeon)
 19656 | D:14     | Noticed a two-headed ogre
 19679 | D:14     | Killed a two-headed ogre
 19679 | D:14     | Reached skill level 5 in Armour
 20010 | D:14     | Found a gate to the Vaults.
 20010 | D:14     | Noticed a vault guard
 20010 | D:14     | Noticed a vault guard
 20010 | D:14     | Noticed a vault guard
 20010 | D:14     | Noticed a vault guard
 20010 | D:14     | Noticed a vault guard
 20011 | D:14     | Noticed a vault guard
 20011 | D:14     | Noticed a vault guard
 20011 | D:14     | Noticed a vault guard
 20029 | D:14     | Noticed a centaur warrior
 20066 | D:14     | Noticed a two-headed ogre
 20067 | D:14     | Found a flagged portal.
 20099 | Bailey   | Identified a paperback manual
 20099 | Bailey   | Entered a bailey
 20327 | Bailey   | Reached XP level 13. HP: 78/78 MP: 22/22
 21294 | D:14     | Received a gift from Okawaru
 22145 | D:15     | Entered Level 15 of the Dungeon
 22252 | D:15     | Received a gift from Okawaru
 22280 | D:15     | Received a gift from Okawaru
 22709 | D:15     | Reached XP level 14. HP: 68/86 MP: 23/23
 22927 | D:15     | Found a staircase to the Depths.
 23976 | D:15     | Found a sparkling altar of Nemelex Xobeh.
 24258 | Depths:1 | Entered Level 1 of the Depths
 24495 | D:15     | Slain by an ettin

Vault maps used:
D:1:      dpeg_arrival_renting
D:2:      cheibrodos_pilgrimage, uniq_crazy_yiuf_cottage
D:3:      first_bread, cheibrodos_sewer_entry_bend, minmay_crystal_room,
          cheibrodos_gnoll_hut
D:4:      minmay_temple_entry_hall
D:5:      nicolae_overflow_crystal_walls, nicolae_overflow_hidden_temple,
          gammafunk_temple_overflow_wave, serial_shops, shop, basic_altar,
          hex_large, tgw_xom, uniq_duvessa
D:6:      marbit_many_paths, uniq_menkaure
D:7:      statuecave_lemuel, lemuel_coloured_pillars_altar
D:8:      kennysheep_mini, led_sif_book
D:9:      zin_statuary, dpeg_lair_monsters, orc_0_dummy
D:10:     gammafunk_wand_slinger
D:11:     hangedman_stone_soup, kennysheep_pointless_box
D:12:     serial_shops, nicolae_shop_crystal, minivault_22
D:13:     grunt_dithmenos_smoke
D:14:     erik_vaults_2, grunt_decor_mini_mirrors, enter_bailey_7
D:15:     gammafunk_depths_entry_grave, minmay_fountain_box, basic_altar
Temple:   nicolae_temple_figure_eight
Depths:1: hangedman_geh_valley, minmay_door_square, hangedman_glass_teeth,
          hangedman_decor_clover_reticule, hangedman_abyss_or_decor_lesser_grid,
          minmay_evil_grid
Sewer:    sewer_fruit_machine
Bailey:   bailey_polearm_2, bailey

Skill      XL: |  1  2  3  4  5  6  7  8  9 10 11 12 13 14 |
---------------+-------------------------------------------+-----
Fighting       | 1 2 4 6 7 8 9 |  9.7
Spellcasting   | 2 3 4 5 |  5.0
Bows           | 3 4 5 8 9 11 13 14 | 14.0
Dodging        | 3 4 6 7 9 10 11 12 13 | 13.1
Hexes          | 5 6 7 8 |  8.0
Invocations    | 3 4 6 8 |  8.0
Armour         | 6 9 |  9.7

Action                   |  1- 3 |  4- 6 |  7- 9 | 10-12 | 13-15 || total
-------------------------+-------+-------+-------+-------+-------++-------
Melee: Unarmed           |       |       |     7 |       |       ||     7
       Dagger            |       |       |    36 |       |       ||    36
       Quarterstaff      |       |       |    19 |       |       ||    19
       Trident           |       |       |    13 |    57 |   159 ||   229
       Shortbow          |       |       |       |       |     5 ||     5
 Fire: Shortbow          |   116 |   308 |   616 |   870 |   771 ||  2681
Throw: Throwing net      |       |       |       |       |     1 ||     1
 Cast: Corona            |    32 |    65 |    52 |     4 |       ||   153
       Slow              |     1 |    17 |    20 |       |       ||    38
       Cause Fear        |       |     9 |    11 |     2 |     2 ||    24
       Confuse           |       |       |    80 |   253 |   176 ||   509
       Passwall          |       |       |       |     1 |       ||     1
 Abil: Evoke Flight      |       |       |     1 |     5 |       ||     6
Evoke: Wand              |       |       |     4 |       |       ||     4
  Use: Potion            |     2 |     6 |     6 |     2 |     2 ||    18
       Scroll            |       |     4 |     4 |    31 |     3 ||    42
 Stab: Confused          |       |       |     4 |     2 |     7 ||    13
       Sleeping          |       |       |       |     2 |       ||     2
       Petrified         |       |       |       |       |     9 ||     9
  Eat: Chunk             |     2 |    14 |    24 |    19 |    11 ||    70
       Fruit             |       |       |     3 |       |     9 ||    12
       Royal jelly       |       |       |     1 |     2 |     2 ||     5
       Meat ration       |       |       |       |     2 |       ||     2
Armor: Robe              |    16 |    20 |    35 |    14 |       ||    85
       Skin              |    49 |    17 |    25 |       |       ||    91
       Leather armour    |       |       |       |    16 |       ||    16
       Ring mail         |       |       |       |     3 |       ||     3
       Swamp dragon scal |       |       |       |    20 |   156 ||   176
Dodge: Dodged            |    61 |   114 |   138 |   150 |   200 ||   663

Table legend:
 A = Spawn XP
 B = Non-spawn XP
 C = Spawn XP percentage of total XP
 D = Spawn monster count
 E = Non-spawn monster count
 F = Spawn count percentage of total count
 G = Total turns spent on level
                    A         B        C        D         E        F      G
               +---------+---------+-------+---------+---------+-------+---------
         Total |       0 |   75328 |   0.0 |       0 |     507 |   0.0 | 24495
               +---------+---------+-------+---------+---------+-------+---------
           D:1 |       0 |      58 |   0.0 |       0 |      29 |   0.0 |   967
           D:2 |       0 |     298 |   0.0 |       0 |      28 |   0.0 |  1633
           D:3 |       0 |     388 |   0.0 |       0 |      22 |   0.0 |  1253
           D:4 |       0 |     152 |   0.0 |       0 |      10 |   0.0 |   746
           D:5 |       0 |    1008 |   0.0 |       0 |      30 |   0.0 |  1910
           D:6 |       0 |    1755 |   0.0 |       0 |      39 |   0.0 |  2168
           D:7 |       0 |    1581 |   0.0 |       0 |      25 |   0.0 |  1208
           D:8 |       0 |    4447 |   0.0 |       0 |      36 |   0.0 |  2060
           D:9 |       0 |    6247 |   0.0 |       0 |      33 |   0.0 |  1305
          D:10 |       0 |    5125 |   0.0 |       0 |      23 |   0.0 |  1304
          D:11 |       0 |    4361 |   0.0 |       0 |      20 |   0.0 |  1363
          D:12 |       0 |    1746 |   0.0 |       0 |      26 |   0.0 |   934
          D:13 |       0 |    7888 |   0.0 |       0 |      35 |   0.0 |  1242
          D:14 |       0 |   18355 |   0.0 |       0 |      53 |   0.0 |  2072
          D:15 |       0 |   19354 |   0.0 |       0 |      45 |   0.0 |  1989
         Sewer |       0 |      77 |   0.0 |       0 |      27 |   0.0 |  1316
        Bailey |       0 |    2488 |   0.0 |       0 |      26 |   0.0 |   686
               +---------+---------+-------+---------+---------+-------+---------
